 Dungeon Crawl Stone Soup version 0.30-a0-1161-g0704695555 (webtiles) character file.

Game seed: 17984742741209561465

1052 BlueFish the Sneak (level 8, -2/54 HPs)
             Began as an Octopode Fighter on Apr 27, 2023.
             Was a Believer of Cheibriados.
             Slain by a two-headed ogre
             ... wielding a +0 giant club
              (24 damage)
             ... on level 6 of the Dungeon.
             The game lasted 00:10:20 (5777 turns).

BlueFish the Sneak (Octopode Fighter)               Turns: 5777, Time: 00:10:21

Health: -2/54      AC:  1    Str: 23      XL:     8   Next: 26%
Magic:  11/11      EV: 14    Int: 15      God:    Cheibriados [**....]
Gold:   132        SH:  5    Dex: 15 (16) Spells: 8/11 levels left

rFire   . . .        a - +3 flail (holy)
rCold   . . .        f - +0 buckler
rNeg    . . .        (helmet restricted)
rPois   .            K - amulet of magic regeneration
rElec   .            (no ring)
rCorr   .            (no ring)
SInv    .            (no ring)
Will    .....        (no ring)
Stlth   ++++         (no ring)
HPRegen 0.29/turn    (no ring)
MPRegen 0.52/turn    (no ring)
                     (no ring)

%: no passive effects
@: very slow
A: almost no armour, amphibious, 8 rings, camouflage 1, gelatinous body 1,
(nimble swimmer 1), tentacles
a: Renounce Religion, Bend Time


You were on level 6 of the Dungeon.
You worshipped Cheibriados.
Cheibriados was pleased with you.
You visited 2 branches of the dungeon, and saw 7 of its levels.

You collected 264 gold pieces.
You spent 132 gold pieces at shops.

Inventory:

Hand Weapons
 a - a +3 flail of holy wrath (weapon)
 b - a +3 sling of flaming
 t - a +0 flail
 y - a +0 mace
 H - a +1 sling
 J - a +0 whip
Missiles
 g - 58 stones (quivered)
Armour
 f - a +0 buckler (worn)
Jewellery
 G - a ring of ice
 K - an amulet of magic regeneration (around mantle)
Wands
 F - a wand of flame (29)
Scrolls
 d - a scroll of teleportation {unknown}
 j - a scroll of silence {unknown}
 k - a scroll of vulnerability
 l - a scroll of enchant armour {unknown}
 n - a scroll of torment
 o - a scroll of immolation
 q - a scroll of blinking
 u - 2 scrolls of fear {unknown}
 v - a scroll of noise {unknown}
 w - 3 scrolls of enchant weapon
 z - 2 scrolls of identify {unknown}
 A - a scroll of amnesia
 E - a scroll of poison {unknown}
 M - a scroll of fog {unknown}
Potions
 c - 3 potions of might
 e - a potion of flight {unknown}
 h - 2 potions of berserk rage {unknown}
 i - 5 potions of heal wounds {unknown}
 m - a potion of curing
 p - 2 potions of invisibility {unknown}
 r - 2 potions of cancellation {unknown}
 s - a potion of haste {unknown}
 x - a potion of brilliance {unknown}
 B - a potion of ambrosia {unknown}
 C - a potion of mutation {unknown}
 I - a potion of lignification {unknown}
 L - a potion of degeneration {unknown}


   Skills:
 + Level 4.1 Fighting
 + Level 3.3 Maces & Flails
 + Level 2.0 Throwing
 + Level 3.9 Dodging
 * Level 5.1 Stealth
 + Level 3.9 Shields
 + Level 2.3 Unarmed Combat
 + Level 2.1 Spellcasting
 * Level 2.8 Transmutations
 * Level 3.4 Poison Magic
 + Level 2.0 Invocations


You had 8 spell levels left.
You knew the following spells:

 Your Spells              Type           Power      Damage    Failure   Level
a - Spider Form           Tmut/Pois      10%        N/A       22%         3

Your spell library contained the following spells:

 Spells                   Type           Power      Damage    Failure   Level
 Passwall                 Tmut/Erth      4%         N/A       22%         2
 Magic Dart               Conj           4%         1d3       26%         1
 Sandblast                Erth           2%         2d4       26%         1
 Ensorcelled Hibernation  Hex/Ice        2%         N/A       36%         2
 Searing Ray              Conj           2%         2d4       36%         2
 Stone Arrow              Conj/Erth      2%         3d7       61%         3
 Anguish                  Hex/Necr       0%         N/A       95%         4
 Fulminant Prism          Conj/Hex       0%         3d5       95%         4


Dungeon Overview and Level Annotations

Branches:
Dungeon (6/15)             Temple (1/1) D:4

Altars:
Cheibriados
Elyvilon
Fedhas
Hepliaklqana
Kikubaaqudgha
Makhleb
Okawaru
Qazlal
Ru
Sif Muna
Uskayaw
Wu Jian
Xom
Yredelemnul

Shops:
D:2 !   D:5 (

Annotations:
D:4 2 transporters, Menkaure
D:5 1 runed translucent door, BlasphemerAmon's ghost, amateur MeTm


Innate Abilities, Weirdness & Mutations

You cannot wear most types of armour.
You are amphibious.
You can wear up to eight rings at the same time.
Your skin changes colour to match your surroundings (Stealth+).
Your rubbery body absorbs attacks. (AC +1, EV +1)
((You are camouflaged when in or above water. (Stealth+)))
You have tentacles for arms and can constrict up to eight enemies at once.


Message History

Throw: dart (poison)
Press: ? - help, Shift-Dir - straight line, f/p - two-headed ogre
Aim: a two-headed ogre, wielding two +0 giant clubs (lightly wounded, very poisoned, 76% to hit)
You throw a poisoned dart.
The poisoned dart closely misses the two-headed ogre.
The howler monkey howls!
You hear a shout!
Fire: b) +3 sling (flame)
Press: ? - help, Q - select action, (/) - cycle Shift-Dir - straight line, f/p - two-headed ogre
Aim: a two-headed ogre, wielding two +0 giant clubs (lightly wounded, very poisoned, 76% to hit)
You shoot a sling bullet.
The sling bullet hits the two-headed ogre!
The sling bullet burns the two-headed ogre.
The two-headed ogre is moderately wounded.
Fire: b) +3 sling (flame)
Press: ? - help, Q - select action, (/) - cycle Shift-Dir - straight line, f/p - two-headed ogre
Aim: a two-headed ogre, wielding two +0 giant clubs (lightly wounded, very poisoned, 76% to hit)
You shoot a sling bullet.
The sling bullet hits the two-headed ogre.
The sling bullet burns the two-headed ogre.
The two-headed ogre is moderately wounded.
The howler monkey hoots and howls with incredible vigour!
You hear a shout!
Your +3 sling of flaming stops flaming.
Your +3 flail of holy wrath softly glows with a divine radiance!
a - a +3 flail of holy wrath (weapon)
The two-headed ogre closely misses you.
The two-headed ogre hits you with a +0 giant club.
You barely miss the two-headed ogre. You squeeze the two-headed ogre.
The two-headed ogre is moderately wounded.
The two-headed ogre closely misses you.
The two-headed ogre hits you with a +0 giant club!!
You barely miss the two-headed ogre. You squeeze the two-headed ogre!
The two-headed ogre is heavily wounded.
The howler monkey hits you!
You sock the two-headed ogre! You squeeze the two-headed ogre!
The two-headed ogre is almost dead.
The howler monkey barely misses you.
The two-headed ogre hits you with a +0 giant club!!
You die...

####.# #.#
#.# #....#
#.# #.#
...##### #.#
#.# ........#
#.####.#
...####.#
#....#.# #.##
####.#.# ..#
######.#.###
...
............#
####
.####♣⌠♣.@..#
# #[..hO..#
.. #.P.....#
###
#..>.....#
###(.♣...#
#(.....#
.(.♣..P#
#####
..5...♣.#
..... .∩..
.####


You could see a two-headed ogre (poisoned), a howler monkey and a shadow imp.

Vanquished Creatures
  A black bear (D:4)
  2 ogres (D:5)
  2 phantoms (D:4)
  A bullfrog (D:6)
  A scorpion (D:5)
  2 quasits (D:6)
  2 hounds
  An orc priest (D:3)
  A jelly (D:5)
  An iguana (D:6)
  5 orc wizards
  A gnoll (D:6)
  6 adders
  3 shadow imps (D:6)
  A white imp (D:6)
  3 ufetubi (D:6)
  A worm (D:4)
  25 orcs
  12 endoplasms
  2 giant cockroaches
  A goblin (D:1)
  5 hobgoblins
  5 kobolds
  5 quokkas
  7 ball pythons
  3 bats
  3 frilled lizards
  4 rats
106 creatures vanquished.

Vanquished Creatures (others)
  11 demonic plants (D:6)
11 creatures vanquished.

Grand Total: 117 creatures vanquished

Notes
Turn   | Place    | Note
-------+----------+-------------------------------------------
     0 | D:1      | BlueFish the Octopode Fighter began the quest for the Orb.
     0 | D:1      | Reached XP level 1. HP: 16/16 MP: 1/1
   224 | D:1      | Reached skill level 1 in Stealth
   343 | D:1      | Reached XP level 2. HP: 18/21 MP: 2/2
   914 | D:2      | Reached skill level 2 in Stealth
   914 | D:2      | Reached XP level 3. HP: 20/26 MP: 3/3
  1173 | D:2      | Found Qash's Distillery.
  1182 | D:2      | Bought a potion of curing for 33 gold pieces
  1554 | D:3      | Reached skill level 1 in Unarmed Combat
  1554 | D:3      | Reached XP level 4. HP: 17/31 MP: 4/4
  1567 | D:3      | Learned a level 3 spell: Spider Form
  1871 | D:3      | Reached skill level 1 in Throwing
  1997 | D:3      | Identified the +3 robe of Ywuapeut {Harm rC+ Stlth+}
  2184 | D:3      | Reached XP level 5. HP: 36/36 MP: 6/6
  2203 | D:3      | Reached skill level 3 in Stealth
  2508 | D:3      | Reached skill level 1 in Poison Magic
  2731 | D:4      | Noticed a phantom
  2796 | D:4      | Noticed a phantom
  2977 | D:4      | Noticed a black bear
  3058 | D:4      | Found a basalt altar of Yredelemnul.
  3063 | D:4      | Reached skill level 1 in Transmutations
  3063 | D:4      | Noticed Menkaure
  3094 | D:4      | Found a transporter.
  3103 | D:4      | Found an ancient bone altar of Kikubaaqudgha.
  3164 | D:4      | Found a transporter.
  3224 | D:4      | Found a staircase to the Ecumenical Temple.
  3231 | Temple   | Entered the Ecumenical Temple
  3268 | Temple   | Became a worshipper of Cheibriados the Contemplative
  3443 | D:4      | Killed a black bear
  3444 | D:4      | Reached skill level 1 in Spellcasting
  3444 | D:4      | Reached XP level 6. HP: 24/42 MP: 7/7
  4002 | D:4      | Reached skill level 1 in Invocations
  4002 | D:4      | Reached XP level 7. HP: 26/46 MP: 8/8
  4108 | D:5      | Entered Level 5 of the Dungeon
  4127 | D:5      | Found a runed translucent door.
  4161 | D:5      | Reached skill level 4 in Stealth
  4379 | D:5      | Found Gukiel's Antique Weapon Shoppe.
  4386 | D:5      | Bought a glowing sling for 99 gold pieces
  4622 | D:5      | Noticed BlasphemerAmon's ghost (amateur MeTm)
  4727 | D:5      | Reached * piety under Cheibriados
  5259 | D:6      | Reached XP level 8. HP: 48/54 MP: 10/10
  5419 | D:6      | Reached ** piety under Cheibriados
  5419 | D:6      | HP: 2/54 [something/magic dart (8)]
  5427 | D:6      | HP: 1/54 [gnoll sergeant/+0 spear (8)]
  5620 | D:6      | Reached skill level 5 in Stealth
  5767 | D:6      | Noticed a two-headed ogre
  5777 | D:6      | Slain by a two-headed ogre

Illustrated notes

Levels and vault maps discovered:
D:1:      sevenhm_arrival_forest_fort_small_4, layout_loops_cross,
          amethyst_killhole, minmay_misc_feat_tiny
D:2:      layout_loops_ring, serial_shops, nicolae_shop_just_a_little_nook,
          dreamdust_princess_corridor
D:3:      layout_loops_corners
D:4:      layout_basic, gammafunk_temple_of_torment,
          minmay_temple_entry_junction_2
D:5:      layout_gridville, serial_shops, shop, ebering_ghost_reflecting_pool
D:6:      layout_loops_ring, serial_demonic, serial_demonic_e, serial_demonic_g,
          serial_demonic_a, serial_demonic_e, serial_demonic_d,
          serial_demonic_g, serial_demonic_c, serial_demonic_e
Temple:   hellmonk_temple_forest_ring

Skill      XL: |  1  2  3  4  5  6  7  8 |
---------------+-------------------------+-----
Stealth        | 1 2 3 4 5 |  5.1
Unarmed Combat | 1 2 |  2.3
Throwing       | 1 2 |  2.0
Poison Magic   | 1 2 3 |  3.4
Transmutations | 1 2 |  2.8
Spellcasting   | 1 2 |  2.1
Maces & Flails | 3 |  3.3
Invocations    | 1 2 |  2.0
Fighting       | 4 |  4.1
Dodging        | |  3.9
Shields        | |  3.9

Action                     |  1- 3 |  4- 6 |  7- 9 || total
---------------------------+-------+-------+-------++-------
  Melee: Flail             |    27 |       |    47 ||    74
         Constrict         |    10 |    18 |    13 ||    41
         Tentacles         |     9 |    21 |    17 ||    47
         Whip              |    11 |    80 |    34 ||   125
         Punch             |       |     1 |     2 ||     3
   Fire: Sling             |    31 |    65 |    48 ||   144
  Throw: Dart              |       |     2 |     7 ||     9
  Evoke: Wand              |       |       |     3 ||     3
    Use: Scroll            |     2 |     2 |     3 ||     7
         Potion            |       |     1 |     4 ||     5
   Stab: Sleeping          |     4 |     2 |     1 ||     7
         Distracted        |     1 |       |       ||     1
 Armour: Skin              |       |     2 |     7 ||     9
  Dodge: Dodged            |    22 |    24 |    62 ||   108
  Block: Buckler           |     5 |    11 |    16 ||    32

Table legend: (Time is in decaauts)
 A = Elapsed time spent in this place.
 B = Non-inter-level travel time spent in this place.
 C = Inter-level travel time spent in this place.
 D = Time resting spent in this place.
 E = Time spent auto-exploring this place.
 F = Levels seen in this place.
 G = Mean time per level.
                   A        B        C        D        E       F      G
               +--------+--------+--------+--------+--------+-----+--------+
         Total |   6303 |   6098 |    205 |    311 |   4715 |   7 |  900.4 |
       Dungeon |   6132 |   5936 |    196 |    311 |   4573 |   6 | 1022.0 |
        Temple |    170 |    162 |      8 |      0 |    142 |   1 |  170.0 |
               +--------+--------+--------+--------+--------+-----+--------+

Top non-repeatable levels by time:
     D:4: 1445 daAuts
     D:3: 1217 daAuts
     D:5: 1209 daAuts
     D:6: 815 daAuts
     D:2: 779 daAuts
     D:1: 664 daAuts
  Temple: 170 daAuts
